 Dungeon Crawl Stone Soup version 0.31-a0-1612-g4aaf141004 (webtiles) character file.

Game seed: 9086083133517363220

1901 Inarius the Chopper (level 9, -1/61 HPs)
             Began as an Octopode Fighter on Jan 9, 2024.
             Was a Follower of Nemelex Xobeh.
             Slain by a sky beast (6 damage)
             ... on level 6 of the Dungeon.
             The game lasted 00:07:19 (6033 turns).

Inarius the Chopper (Octopode Fighter)              Turns: 6033, Time: 00:07:21

Health: -1/61      AC:  1    Str: 26    XL:     9   Next: 15%
Magic:  9/9        EV: 14    Int: 10    God:    Nemelex Xobeh [*.....]
Gold:   60         SH: 10    Dex: 11    Spells: 8/8 levels left

rFire   + . .        a - +0 war axe
rCold   . . .        b - +0 buckler
rNeg    . . .        (helmet restricted)
rPois   .            h - amulet of reflection
rElec   .            q - ring of protection from fire
rCorr   .            i - +6 ring of strength
SInv    .            (no ring)
Will    .....        (no ring)
Stlth   ++++         (no ring)
HPRegen 0.30/turn    (no ring)
MPRegen 0.11/turn    (no ring)
                     (no ring)

%: reflection
@: no status effects
A: almost no armour, amphibious, 8 rings, camouflage 1, gelatinous body 1,
(nimble swimmer 1), tentacles
a: Renounce Religion, Draw Escape, Draw Destruction, Draw Summoning


You were on level 6 of the Dungeon.
You worshipped Nemelex Xobeh.
Nemelex Xobeh was aware of your devotion.
You visited 1 branch of the dungeon, and saw 6 of its levels.
You also visited: Ossuary.

You collected 314 gold pieces.
You spent 254 gold pieces at shops.

Inventory:

Hand Weapons
 a - a +0 war axe (weapon)
Armour
 b - a +0 buckler (worn)
Jewellery
 h - an amulet of reflection (around mantle)
 i - a +6 ring of strength (right tentacle)
 q - a ring of protection from fire (left tentacle)
Scrolls
 c - 4 scrolls of fog {unknown}
 g - a scroll of noise
 k - 2 scrolls of torment {unknown}
 l - a scroll of vulnerability
 n - 2 scrolls of enchant armour
 o - a scroll of summoning
 p - 4 scrolls of blinking {unknown}
 r - a scroll of immolation {unknown}
 t - a scroll of teleportation {unknown}
 w - 3 scrolls of brand weapon {unknown}
Potions
 d - a potion of might
 e - 3 potions of haste {unknown}
 f - 3 potions of invisibility {unknown}
 j - 4 potions of heal wounds
 m - 2 potions of curing
 s - 2 potions of attraction {unknown}
 u - 2 potions of brilliance {unknown}
 v - a potion of mutation {unknown}


   Skills:
 + Level 5.4 Fighting
 + Level 7.9 Axes
 + Level 5.1 Dodging
 + Level 6.7 Stealth
 + Level 4.7 Shields


You had 8 spell levels left.
You didn't know any spells.
Your spell library contained the following spells:

 Spells                   Type           Power      Damage    Failure   Level
 Kiss of Death            Conj/Necr      0%         2d5       41%         1
 Blink                    Tloc           0%         N/A       54%         2
 Ensorcelled Hibernation  Hex/Ice        0%         N/A       54%         2
 Lesser Beckoning         Tloc           0%         N/A       54%         2
 Momentum Strike          Conj/Tloc      0%         3d8       54%         2
 Confusing Touch          Hex            0%         N/A       78%         3
 Fugue of the Fallen      Necr           0%         N/A       78%         3
 Anguish                  Hex/Necr       0%         N/A       99%         4
 Dispel Undead            Necr           0%         3d6       99%         4


Dungeon Overview and Level Annotations

Branches:
Dungeon (6/15)             Temple (0/1) D:4         Ossuary (visited)

Altars:
Hepliaklqana
Makhleb
Nemelex Xobeh
Ru
Uskayaw
Vehumet
Xom
The Shining One

Shops:
D:3 !   D:6 *

Annotations:
D:5 Menkaure


Innate Abilities, Weirdness & Mutations

You cannot wear most types of armour.
You are amphibious.
You can wear up to eight rings at the same time.
Your skin changes colour to match your surroundings (Stealth+).
Your rubbery body absorbs attacks. (AC +1, EV +1)
((You are camouflaged when in or above water. (Stealth+)))
You have tentacles for arms and can constrict up to eight enemies at once.


Message History

Found 15 gold pieces.
The hound barks!
The sky beast flickers out of sight!
Deactivating autopickup; reactivate with Ctrl-A.
The hound stops to sniff the ground.
You block the hound's attack. You block the hound's attack.
You slash the hound! Your grab misses the hound. You squeeze the hound.
You kill the hound!
A sky beast appears from thin air!
Reactivating autopickup.
You block the sky beast's attack.
You hit the sky beast but do no damage. The sky beast hits you.
The sky beast shocks you.
You miss the sky beast. Your squeeze misses the sky beast.
The sky beast barely misses you.
You closely miss the sky beast. The sky beast closely misses you.
You barely miss the sky beast. The sky beast hits you.
The sky beast shocks you.
You slash the sky beast! You squeeze the sky beast!
The sky beast is severely wounded.
The sky beast hits you. The sky beast shocks you.
You hit the sky beast.
The sky beast is almost dead.
The sky beast flickers out of sight!
Deactivating autopickup; reactivate with Ctrl-A.
Something hits you. Something shocks you.
You barely miss something. Something hits you. Something shocks you.
You miss something. Your squeeze misses something. Something hits you.
Something shocks you.
* * * LOW HITPOINT WARNING * * *
You barely miss something. Your squeeze misses something. Something hits you.
* * * LOW HITPOINT WARNING * * *
Something shocks you.
* * * LOW HITPOINT WARNING * * *
Something hits you.
* * * LOW HITPOINT WARNING * * *
Something shocks you.
You die...
Your body disappears without a glow.

................ ..#
..............$ ..#
#...!....# ..# #........#
#.######## #........#
#.#......# ######.###
#.#......# ##.##
###.#......#######§..####
..#.#......##...@{......#
#.#.#......##.§≈§≈§≈≈≈≈)#
..............≈.......≈...#
....
#.#.#########.§.≈≈.≈≈§§....
+.... #.#.#
#.≈.≈...≈§≈§..###.... #.#.#
#.≈.≈._.≈§≈.......... #.#.#
#.≈.≈...≈.≈.......... #.#.#
###.≈.≈≈≈≈≈.≈.......#.#
..#.#
#..§§.§.....≈.......#.#


There were no monsters in sight!

Vanquished Creatures
  Grinder (D:5)
  Sigmund (D:4)
  A water moccasin (D:5)
  A sky beast (D:6)
  3 centaurs
  A phantom (D:5)
  A weeping skull (Ossuary)
  A scorpion (D:6)
  5 water moccasin zombies (Ossuary)
  A howler monkey (D:5)
  A bombardier beetle (D:4)
  A gnoll bouda (D:5)
  An orc priest (D:4)
  A hound (D:6)
  4 iguanas
  An orc wizard (D:5)
  Natasha (D:4)
  2 crocodile zombies (Ossuary)
  A bullfrog simulacrum (Ossuary)
  2 mummies (Ossuary)
  3 gnolls (D:5)
  12 adders
  2 ufetubi (D:5)
  4 adder zombies (Ossuary)
  3 dart slugs
  2 ribbon worms
  18 orcs
  4 ball pythons
  6 endoplasms
  A giant cockroach (D:3)
  11 gnoll zombies (Ossuary)
  6 hobgoblins
  2 kobolds (D:2)
  3 quokkas
  9 bats
  3 frilled lizards
  2 goblins (D:1)
  A goblin zombie (D:5)
  3 jackal zombies (Ossuary)
  3 orc zombies (Ossuary)
  A quokka zombie (D:5)
  2 rats (D:2)
132 creatures vanquished.

Notes
Turn   | Place    | Note
-------+----------+-------------------------------------------
     0 | D:1      | Inarius the Octopode Fighter began the quest for the Orb.
     0 | D:1      | Reached XP level 1. HP: 16/16 MP: 1/1
   213 | D:1      | Reached XP level 2. HP: 21/21 MP: 2/2
   539 | D:2      | Reached skill level 1 in Stealth
   552 | D:2      | Reached XP level 3. HP: 21/26 MP: 3/3
   867 | D:2      | Reached XP level 4. HP: 29/31 MP: 4/4
  1083 | D:2      | Found a sacrificial altar of Ru.
  1513 | D:3      | Noticed a +0 spear
  1519 | D:3      | Found a hide-covered altar of Uskayaw.
  1519 | D:3      | Noticed a +0 dagger
  1519 | D:3      | Noticed a +0 short sword
  1520 | D:3      | Noticed a +0 spear
  1521 | D:3      | Noticed a +0 dagger
  1521 | D:3      | Noticed a +0 short sword
  1522 | D:3      | Noticed a +0 falchion
  1524 | D:3      | Noticed a +0 falchion
  1761 | D:3      | Found Foeduhae's Distillery.
  1769 | D:3      | Bought a potion of heal wounds for 50 gold pieces
  1769 | D:3      | Bought a potion of curing for 30 gold pieces
  2301 | D:3      | Found a sparkling altar of Nemelex Xobeh.
  2542 | D:4      | Reached skill level 3 in Axes
  2542 | D:4      | Reached XP level 5. HP: 30/36 MP: 5/5
  2660 | D:3      | Became a worshipper of Nemelex Xobeh the Trickster
  2780 | D:4      | Noticed Sigmund
  2867 | D:4      | Noticed Natasha
  2873 | D:4      | Killed Natasha
  3052 | D:4      | Reached XP level 6. HP: 22/42 MP: 6/6
  3166 | D:4      | Found a staircase to the Ecumenical Temple.
  3288 | D:4      | Killed Sigmund
  3289 | D:4      | Reached skill level 4 in Axes
  3501 | D:5      | Entered Level 5 of the Dungeon
  3542 | D:5      | Reached skill level 5 in Stealth
  3542 | D:5      | Reached XP level 7. HP: 34/47 MP: 7/7
  3625 | D:5      | Found a sand-covered staircase.
  3646 | Ossuary  | Entered an ossuary
  3719 | Ossuary  | Reached skill level 5 in Axes
  3896 | Ossuary  | Reached XP level 8. HP: 28/54 MP: 8/8
  3900 | Ossuary  | Reached skill level 6 in Axes
  4341 | D:5      | Noticed Menkaure
  4397 | D:5      | Found a shimmering altar of Xom.
  4398 | D:5      | Found a hazy altar of Hepliaklqana.
  4398 | D:5      | Noticed a tentacled monstrosity
  4399 | D:5      | Noticed a spectral ugly thing
  4399 | D:5      | Noticed a tentacled monstrosity
  4411 | D:5      | Noticed Grinder
  4420 | D:5      | Killed Grinder
  4460 | D:5      | Found a radiant altar of Vehumet.
  4530 | D:5      | Reached skill level 5 in Fighting
  4530 | D:5      | Reached skill level 7 in Axes
  5125 | D:5      | Reached * piety under Nemelex Xobeh
  5224 | D:5      | Found a glowing golden altar of the Shining One.
  5556 | D:6      | Found Xecityes's Assorted Antiques.
  5564 | D:6      | Bought a scroll of identify for 58 gold pieces
  5565 | D:6      | Bought a scroll labelled OPTEB ETUETSOUSI for 29 gold
                  | pieces
  5565 | D:6      | Bought 3 scrolls labelled EBYKKU POAMN for 87 gold pieces
  5627 | D:6      | Reached skill level 5 in Dodging
  5627 | D:6      | Reached XP level 9. HP: 42/61 MP: 9/9
  5838 | D:6      | Found a burning altar of Makhleb.
  5986 | D:6      | Received a gift from Nemelex Xobeh
  6033 | D:6      | Slain by a sky beast

Illustrated notes

Levels and vault maps discovered:
D:1:      minmay_arrival_stair_chambers, layout_rooms
D:2:      layout_loops_cross, basic_altar
D:3:      layout_basic, nicolae_uskayaw_en_pointe,
          nicolae_overflow_hidden_temple, serial_shops, nicolae_diamond_shop,
          serial_co_window_serial, co_window_paths_b,
          co_window_of_opportunity_a, co_window_paths_b, co_window_paths_b,
          co_window_of_opportunity_a, co_window_of_opportunity_c,
          co_window_corner_b, co_window_unsneaky_path_c, co_window_corner_cb,
          co_window_corner_b, co_window_corner_b, glass_columns_c,
          glass_columns_b, glass_columns_a, serial_bayou_ford_a, minivault_24
D:4:      layout_basic, lemuel_temple_firewalk_b, nrook_uturn, uniq_sigmund,
          uniq_natasha
D:5:      layout_loops_corners, regret_index_temple_of_mockery,
          mainiacjoe_overflow_brackets, tso_oasis_becter, enter_ossuary_4,
          uniq_menkaure, uniq_grinder
D:6:      layout_basic, mainiacjoe_overflow_concentric_impassable, serial_shops,
          shop

Skill      XL: |  1  2  3  4  5  6  7  8 |
---------------+-------------------------+-----
Stealth        | 1 2 4 5 6 |  6.7
Axes           | 3 4 5 7 |  7.9
Dodging        | 4 5 |  5.1
Fighting       | 4 5 |  5.4
Shields        | 4 |  4.7

Action                     |  1- 3 |  4- 6 |  7- 9 || total
---------------------------+-------+-------+-------++-------
  Melee: War axe           |    47 |    74 |   200 ||   321
         Constrict         |    15 |    11 |    39 ||    65
         Tentacles         |     6 |    15 |    43 ||    64
         Punch             |       |       |     2 ||     2
    Use: Scroll            |       |     3 |     4 ||     7
         Potion            |       |       |     4 ||     4
   Stab: Sleeping          |     8 |     8 |     9 ||    25
         Distracted        |     1 |       |       ||     1
 Armour: Skin              |    17 |    36 |    85 ||   138
  Dodge: Dodged            |    30 |    28 |    97 ||   155
  Block: Buckler           |     4 |    27 |    58 ||    89
         Reflection        |       |     1 |       ||     1

Table legend: (Time is in decaauts)
 A = Elapsed time spent in this place.
 B = Non-inter-level travel time spent in this place.
 C = Inter-level travel time spent in this place.
 D = Time resting spent in this place.
 E = Time spent auto-exploring this place.
 F = Levels seen in this place.
 G = Mean time per level.
                   A        B        C        D        E       F      G
               +--------+--------+--------+--------+--------+-----+--------+
         Total |   6128 |   5865 |    263 |    806 |   3894 |   7 |  875.4 |
       Dungeon |   5551 |   5288 |    263 |    530 |   3786 |   6 |  925.2 |
       Ossuary |    577 |    577 |      0 |    276 |    108 |   1 |  577.0 |
               +--------+--------+--------+--------+--------+-----+--------+

Top non-repeatable levels by time:
     D:5: 1381 daAuts
     D:3: 1169 daAuts
     D:4: 1057 daAuts
     D:2: 812 daAuts
     D:6: 619 daAuts
 Ossuary: 577 daAuts
     D:1: 510 daAuts
